Map: 黄金墙-天梯版

Players

soO

  • Race: Zerg Zerg
  • Spawn Location: 5:00

INnoVation - Winner!

  • Race: Terran Terran
  • League: Master
  • Spawn Location: 7:00

VOD

Have the link to the VOD?

Description

Time

  • Played on: March 12, 2020, 6:37 a.m.
  • Length: 8:41
Show
View Real Time Build Order
Export as new Build Order

soO Zerg 

Build Orders: Hatch First, Muta Ling Bane 

Get SALT Encoding   

  12  0:00  Drone  
  13  0:12  Overlord  
  13  0:17  Drone  
  14  0:30  Drone x2  
  16  0:48  Hatchery  
  15  0:52  Drone  
  15  0:55  Drone  
  17  0:58  Drone  
  18  1:08  Extractor  
  17  1:14  Spawning Pool  
  17  1:17  Drone  
  17  1:20  Drone  
  18  1:27  Drone  
  19  1:42  Drone  
  20  1:48  Overlord  
  20  2:01  Queen x2  
  20  2:02  Zergling x4  
  26  2:14  Drone x2  
  28  2:18  Metabolic Boost  
  28  2:27  Drone  
  29  2:34  Hatchery  
  28  2:39  Drone x2  
  30  2:46  Queen  
  32  2:51  Overlord  
  32  2:55  Drone  
  32  2:56  Drone  
  34  3:00  Drone  
  34  3:01  Drone  
  36  3:11  Drone x2  
  38  3:15  Drone x2  
  40  3:20  Drone  
  40  3:22  Queen  
  40  3:24  Overlord  
  40  3:26  Drone  
  44  3:46  Drone x2  
  46  3:49  Queen, Drone x2  
  46  3:50  Drone  
  46  3:53  Drone  
  46  3:54  Drone  
  46  3:55  Overlord  
  53  3:57  Queen  
  55  4:03  Zergling x4  
  55  4:04  Lair  
  55  4:06  Drone  
  55  4:08  Overlord  
  58  4:14  Overlord  
  58  4:18  Baneling Nest  
  58  4:19  Drone  
  58  4:24  Extractor  
  57  4:25  Drone  
  57  4:27  Overlord  
  57  4:28  Drone  
  57  4:30  Zergling x6  
  62  4:31  Drone  
  62  4:32  Drone x3  
  62  4:34  Drone  
  67  4:40  Drone  
  67  4:41  Drone x2  
  67  4:43  Queen  
  72  4:46  Zergling x4  
  72  4:51  Drone  
  75  4:53  Drone x3  
  75  4:59  Drone x3  
  80  5:07  Drone  
  80  5:08  Drone  
  80  5:09  Overseer, Overlord  
  81  5:15  Drone  
  81  5:17  Spore Crawler  
  81  5:20  Extractor  
  82  5:22  Extractor  
  82  5:24  Drone  
  82  5:30  Drone  
  82  5:33  Zergling x6  
  82  5:34  Drone x2  
  88  5:37  Drone x2  
  88  5:39  Overlord  
  90  5:44  Evolution Chamber, Drone  
  90  5:45  Evolution Chamber, Drone  
  90  5:49  Drone x2  
  90  5:51  Centrifical Hooks  
  90  5:52  Drone  
  90  5:53  Spire, Drone  
  90  5:55  Drone x3  
  90  6:01  Drone x3  
  90  6:03  Drone x2  
  93  6:06  Drone  
  92  6:16  Drone x3  
  93  6:21  Drone  
  93  6:22  Drone x3  
  93  6:25  Drone  
  90  6:26  Overlord  
  90  6:27  Zerg Melee Weapons Level 1, Zerg Ground Armor Level 1  
  90  6:30  Extractor x2  
  88  6:33  Overlord  
  88  6:37  Overlord  
  88  6:45  Overlord, Drone x2  
  88  6:46  Drone  
  91  6:50  Hatchery  
  90  6:54  Drone  
  90  6:56  Baneling x5  
  90  6:57  Zergling x2  
  90  6:58  Zergling x10  
  97  7:04  Zergling x2  
  97  7:05  Zergling x6  
  101  7:11  Drone x2  
  101  7:12  Drone  
  104  7:25  Mutalisk  
  104  7:26  Mutalisk x4  
  113  7:36  Zergling x12  
  103  7:39  Zergling x2  
  102  7:45  Zergling x8  
  102  7:49  Zergling x8  
  110  7:55  Baneling  
  110  7:56  Baneling x9  
  110  7:59  Baneling x6  
  110  8:00  Zergling x6  
  110  8:03  Zergling x2  
  112  8:14  Zergling x20  
Show
View Real Time Build Order
Export as new Build Order

INnoVation Terran - Winner!

Build Orders: Liberator Opening, Reaper Expand 

Get SALT Encoding   

  12  0:00  SCV  
  13  0:12  SCV  
  14  0:17  Supply Depot  
  14  0:24  SCV  
  15  0:39  SCV  
  15  0:40  Barracks  
  16  0:44  Refinery  
  16  0:51  SCV  
  17  1:03  SCV  
  18  1:15  SCV  
  19  1:27  Orbital Command, Reaper  
  20  1:39  Command Center  
  20  1:50  Supply Depot  
  20  1:53  SCV  
  21  1:59  Marine  
  22  2:05  SCV  
  22  2:07  Factory  
  23  2:12  Refinery  
  23  2:17  SCV  
  23  2:21  Barracks Reactor  
  24  2:29  SCV  
  25  2:41  SCV  
  26  2:52  Orbital Command, Starport  
  26  2:53  SCV  
  27  3:00  Hellion x2  
  27  3:03  Barracks Tech Lab  
  27  3:05  SCV  
  32  3:14  Supply Depot  
  32  3:17  SCV  
  32  3:18  SCV  
  34  3:23  Hellion x2  
  38  3:28  Viking  
  38  3:30  SCV  
  38  3:31  SCV  
  42  3:39  Supply Depot  
  42  3:42  SCV  
  42  3:43  SCV  
  42  3:45  Hellion  
  42  3:48  Hellion  
  48  3:52  Stimpack  
  48  3:54  SCV  
  49  3:55  SCV  
  49  3:58  Liberator  
  53  4:07  Supply Depot  
  53  4:08  SCV x2  
  53  4:09  Hellion  
  57  4:13  Hellion  
  59  4:20  SCV x2  
  61  4:30  Command Center  
  61  4:36  SCV x2  
  63  4:43  Factory Tech Lab, Barracks  
  63  4:45  Starport Reactor  
  63  4:48  SCV x2, Supply Depot  
  63  4:50  Marine, Barracks  
  66  5:01  SCV  
  66  5:02  SCV  
  68  5:07  Marine, Refinery  
  68  5:09  Engineering Bay x2  
  68  5:10  Refinery  
  68  5:13  Siege Tank  
  68  5:14  SCV x2  
  74  5:20  Supply Depot  
  74  5:25  Marine  
  74  5:26  SCV  
  74  5:27  SCV  
  77  5:33  Marine  
  78  5:37  Combat Shield  
  78  5:38  Terran Infantry Armor Level 1, Terran Infantry Weapons Level 1  
  78  5:39  Starport Reactor  
  78  5:41  Marine  
  78  5:42  Orbital Command  
  79  5:43  Marine, SCV x2  
  79  5:48  Siege Tank  
  85  5:50  Marine x2  
  85  5:56  Supply Depot  
  87  5:57  SCV  
  87  5:58  Marine, SCV  
  87  5:59  Marine  
  91  6:05  Orbital Command  
  91  6:08  Supply Depot  
  91  6:10  SCV x2  
  91  6:11  Marine x3  
  93  6:16  Marine  
  93  6:17  Marine  
  93  6:18  Supply Depot  
  98  6:20  Siege Tank  
  81  6:26  SCV x2  
  81  6:31  SCV  
  81  6:32  Marine x2  
  84  6:33  Medivac  
  84  6:34  Marine, Medivac  
  84  6:37  Barracks  
  84  6:39  Barracks  
  91  6:41  SCV  
  91  6:42  SCV  
  91  6:43  SCV  
  91  6:44  Armory  
  94  6:49  Marine  
  94  6:50  Marine x3  
  94  6:52  Siege Tank, Marine  
  102  6:55  SCV x3  
  102  6:57  Refinery  
  102  6:59  Missile Turret  
  102  7:00  Missile Turret  
  105  7:04  Medivac x2  
  109  7:09  SCV x2  
  109  7:10  Marine  
  109  7:11  Marine x4  
  116  7:17  Barracks  
  116  7:23  Barracks  
  116  7:24  Barracks, Supply Depot  
  116  7:26  Barracks Reactor, Supply Depot  
  116  7:27  Barracks Reactor  
  116  7:36  Siege Tank, Marine x2  
  116  7:37  Marine x3  
  111  7:54  Marine x3  
  111  7:55  Marine x2  
  111  7:57  Medivac x2  
  118  7:59  Supply Depot  
  118  8:06  Barracks Tech Lab  
  118  8:10  Marine x4, Barracks Tech Lab  
  118  8:12  Marine x2, Barracks Tech Lab  
  124  8:13  Marauder  
Tags
 
Add a new tag
Caveats
  • Supply blocks, unpowered buildings, or Contaminate may cause inaccurate times.
  • Supply counts are checked every 10 seconds.